 Dungeon Crawl Stone Soup version 0.28.0-53-g5a82cb258f (webtiles) character file.

Game seed: 3711671255602424105

2 Gabide the Insei (level 1, 0/11 HPs)
             Began as a Vine Stalker Monk on May 25, 2022.
             Succumbed to a goblin's poison
             ... on level 1 of the Dungeon.
             The game lasted 00:00:18 (47 turns).

Gabide the Insei (Vine Stalker Monk)                  Turns: 47, Time: 00:00:18

Health: 0/11       AC:  2    Str: 13    XL:     1   Next: 30%
Magic:  0/2        EV:  9    Int: 10    God:
Gold:   0          SH:  0    Dex: 16    Spells: 0/0 levels left

rFire   . . .      SeeInvis .     - Unarmed
rCold   . . .      Faith    .   (no shield)
rNeg    . . .      Spirit   +   a - +0 robe
rPois   .          Reflect  .   (no helmet)
rElec   .          Harm     .   (no cloak)
rCorr   .          Rampage  .   (no gloves)
Will    .....                   (no boots)
Stlth   ++........              (no amulet)
HPRegen 0.03/turn               (no ring)
MPRegen 0.08/turn               (no ring)

@: lethally poisoned (0 -> -1), constricted
A: fangs 2, magic shield, antimagic bite, no potion heal 2
a: no special abilities


You were on level 1 of the Dungeon.
You visited 1 branch of the dungeon, and saw 1 of its levels.

Inventory:

Armour
 a - a +0 robe (worn)


   Skills:
 - Level 2.6 Fighting
 - Level 2.4 Dodging
 - Level 2.4 Stealth
 + Level 3.1 Unarmed Combat


You couldn't memorise any spells.
You didn't know any spells.
Your spell library was empty.

Dungeon Overview and Level Annotations

Branches:
Dungeon (1/15)

Altars:


Innate Abilities, Weirdness & Mutations

You have extremely sharp teeth.
When hurt, damage is shared between your health and your magic reserves.
Your bite disrupts and absorbs the magic of your enemies.
Potions cannot restore your health.


Message History

You are too injured to fight recklessly!
You are too injured to fight recklessly!
You are too injured to fight recklessly!
You are too injured to fight recklessly!
You are too injured to fight recklessly!
You are too injured to fight recklessly!
You are too injured to fight recklessly!
You are too injured to fight recklessly!
You are too injured to fight recklessly!
You are too injured to fight recklessly!
You are too injured to fight recklessly!
You are too injured to fight recklessly!
You are too injured to fight recklessly!
You are too injured to fight recklessly!
You are too injured to fight recklessly!
You are too injured to fight recklessly!
You are too injured to fight recklessly!
You are too injured to fight recklessly!
You are too injured to fight recklessly!
You are too injured to fight recklessly!
You are too injured to fight recklessly!
You hit the ball python but do no damage.
Your bite misses the ball python.
You feel sick. The ball python bites you. The ball python barely misses you.
The ball python closely misses you. The ball python grabs you.
The ball python constricts you.
* * * LOW HITPOINT WARNING * * *
You hit the ball python but do no damage.
Your bite misses the ball python.
* * * LOW HITPOINT WARNING * * *
You feel sick. The ball python barely misses you.
The ball python constricts you.
You hit the ball python. Your bite misses the ball python.
The ball python is moderately wounded.
* * * LOW HITPOINT WARNING * * *
You feel sick. The ball python completely misses you.
The ball python constricts you.
You hit the ball python.
You bite the ball python, but do no damage.
The ball python is severely wounded.
You die...

#+# #.# ###.# .. ..#.#
#.###.#.# .....#.#
#.#..#.######
#.#..#@##?..#
#....#S##...#
#######...#S##...#
#................+
######.#####.#...##S..#
#......# #.#....#.S.#
#''##..# #.#...........
8..8##.#
#......#..S.....
#..###.#
##.....#......$.


You could see 2 ball pythons.

Vanquished Creatures
  A kobold (D:1)
  A goblin (D:1)
2 creatures vanquished.

Notes
Turn   | Place    | Note
-------+----------+-------------------------------------------
     0 | D:1      | Gabide the Vine Stalker Monk began the quest for the Orb.
     0 | D:1      | Reached XP level 1. HP: 11/11 MP: 2/2
    47 | D:1      | Succumbed to a goblin's poison

Illustrated notes

Levels and vault maps discovered:
D:1:      wander_arrival_abandoned_jail, layout_basic, minmay_misc_feat_tower,
          minivault_4

Action                   || total
-------------------------++-------
Melee: Unarmed           ||    11
       Bite              ||     2
       Punch             ||     1
Dodge: Dodged            ||    10
